 Dungeon Sprint DCSS version 0.21.0-25-ge575cb9ce8 (webtiles) character file.

3093 Kepler the Swashbuckler (level 9, -3/53 HPs)
             Began as a Spriggan Berserker on Jan 26, 2018.
             Was a High Priest of Trog.
             Slain by a spiny frog (19 damage)
             ... in the Dungeon (Sprint IX: "|||||||||||||||||||||||||||||").
             The game lasted 00:01:55 (1159 turns).

Kepler the Swashbuckler (Spriggan Berserker)        Turns: 1159, Time: 00:01:55

Health: -3/53      AC:  4    Str: 13    XL:     9   Next: 59%
Magic:  10/10      EV: 33    Int:  9    God:    Trog [*****.]
Gold:   2          SH:  0    Dex: 18    Spells: 8/8 levels left

rFire    . . .     SeeInvis +   m - +2 rapier (distort)
rCold    . . .     Gourm    .   (shield restricted)
rNeg     . . .     Faith    .   b - +0 animal skin
rPois    .         Spirit   .   (helmet restricted)
rElec    .         Reflect  .   (no cloak)
rCorr    .         Harm     .   (gloves unavailable)
MR       +....     NoTele   +   (boots unavailable)
Stlth    +++++.....             (no amulet)
HPRegen  0.17/turn              o - +2 ring of protection
MPRegen  0.12/turn              n - +2 ring of evasion

@: very quick
A: very small, unfitting armour, see invisible, herbivore, speed 3, slow
metabolism 2
a: Berserk, Trog's Hand, Brothers in Arms, Burn Spellbooks, Renounce Religion


You were in the Dungeon.
You worshipped Trog.
Trog was extremely pleased with you.
You were near starving.

You visited 1 branch You collected 2 gold pieces.

Inventory:

Hand Weapons
 a - a +0 short sword
 m - a +2 rapier of distortion (weapon)
 p - a +1 antimagic short sword
Armour
 b - a +0 animal skin (worn)
Jewellery
 n - a +2 ring of evasion (right hand)
 o - a +2 ring of protection (left hand)
Wands
 l - a wand of iceblast (10)
Scrolls
 i - 2 scrolls of blinking
 k - 5 scrolls of remove curse
 u - 2 scrolls of fear
 v - a scroll of fog
Potions
 d - 5 potions of curing
 e - 3 potions of heal wounds
 f - a potion of haste
 g - 4 potions of magic
 h - a potion of berserk rage
 j - a potion of invisibility
 q - a potion of agility
 r - a potion of resistance
 s - a potion of might
 t - 2 potions of brilliance
Comestibles
 c - a ration


   Skills:
 + Level 9.4 Fighting
 + Level 15.8 Short Blades
 + Level 14.4 Dodging
 + Level 11.8 Stealth


You had 8 spell levels left.
You didn't know any spells.

Dungeon Overview and Level Annotations

Branches:
Dungeon (1/1)

Altars:
Cheibriados
Dithmenos
Elyvilon
Fedhas
Gozag
Hepliaklqana
Kikubaaqudgha
Makhleb
Nemelex Xobeh
Okawaru
Qazlal
Ru
Sif Muna
Trog
Uskayaw
Vehumet
Wu Jian
Xom
Yredelemnul
Zin
The Shining One
Beogh
Jiyva
Lugonu


Innate Abilities, Weirdness & Mutations

You are very small and have problems with some larger weapons.
You are too small for most types of armour.
You have supernaturally acute eyesight. (SInv)
You are a herbivore.
You cover ground extremely quickly.
You need consume almost no food.


Message History

Space warps horribly around the spiny frog!
The spiny frog is lightly wounded.
The spiny frog completely misses you.
You hit the spiny frog but do no damage.
The spiny frog is lightly wounded.
You hit the spiny frog.
The spiny frog is moderately wounded.
The spiny frog completely misses you.
The blink frog blinks!
You hit the spiny frog but do no damage.
Space bends around the spiny frog.
The spiny frog is heavily wounded.
You hit the spiny frog.
Space bends around the spiny frog.
The spiny frog is heavily wounded.
The spiny frog completely misses you.
The bullfrog swells and bulges.
The blink frog completely misses you.
You hit the spiny frog.
Space bends around the spiny frog.
The spiny frog is severely wounded.
The spiny frog stings you!!
You die...

▓.▓.▓
▓.▓.▓[▓
▓.▓.▓[▓
▓.▓.▓[▓
▓.▓.▓)▓
▓F▓.▓|▓
▓y▓.▓?▓
▓F▓.▓.▓
▓@▓.▓'▓
▓F▓.▓_▓
▓.▓.▓_▓
▓.▓.▓_▓
▓.▓.▓_▓
▓.▓.▓_▓
▓.▓.▓_▓
▓.▓.▓_▓
▓†▓.▓_▓


You could see a spiny frog, a blink frog, a vampire mosquito and a bullfrog.

Vanquished Creatures
  A deep elf mage (D)
  An ugly thing (D)
  A spiny frog (D)
  A komodo dragon (D)
  A wraith (D)
  A steam dragon (D)
  A water moccasin (D)
  An ice beast (D)
  A porcupine (D)
  A black bear (D)
  2 wolves (D)
  7 bullfrogs (D)
  A howler monkey (D)
  2 adder skeletons (D)
  A dart slug (D)
  A leopard gecko (D)
  A bat zombie (D)
  2 hobgoblins (D)
  A jackal (D)
  2 frilled lizards (D)
30 creatures vanquished.

Vanquished Creatures (others)
  An ugly thing (D)
  A komodo dragon (D)
  A yak (D)
  A porcupine (D)
4 creatures vanquished.

Grand Total: 34 creatures vanquished

Notes
Turn   | Place    | Note
-------+----------+-------------------------------------------
     0 | D        | Kepler the Spriggan Berserker began the quest for the Orb.
     0 | D        | Reached XP level 1. HP: 11/11 MP: 2/2
     7 | D        | Reached skill level 4 in Short Blades
     9 | D        | Reached ** piety under Trog
    10 | D        | Reached skill level 5 in Short Blades
    54 | D        | Noticed an ice beast
    57 | D        | Reached XP level 2. HP: 16/16 MP: 3/3
    59 | D        | Reached *** piety under Trog
    64 | D        | Reached skill level 6 in Short Blades
    74 | D        | Killed an ice beast
    74 | D        | Reached skill level 10 in Short Blades
    74 | D        | Reached XP level 3. HP: 19/19 MP: 4/4
    74 | D        | Reached XP level 4. HP: 23/23 MP: 5/5
   107 | D        | Found a roughly hewn altar of Beogh.
   107 | D        | Found a snail-covered altar of Cheibriados.
   107 | D        | Found a shadowy altar of Dithmenos.
   107 | D        | Found a white marble altar of Elyvilon.
   107 | D        | Found a blossoming altar of Fedhas.
   107 | D        | Found an opulent altar of Gozag.
   108 | D        | Found a hazy altar of Hepliaklqana.
   109 | D        | Found a viscous altar of Jiyva.
   110 | D        | Found an ancient bone altar of Kikubaaqudgha.
   111 | D        | Found a corrupted altar of Lugonu.
   112 | D        | Found a burning altar of Makhleb.
   113 | D        | Found a sparkling altar of Nemelex Xobeh.
   114 | D        | Found an iron altar of Okawaru.
   115 | D        | Found a stormy altar of Qazlal.
   116 | D        | Found a sacrificial altar of Ru.
   117 | D        | Found a deep blue altar of Sif Muna.
   118 | D        | Found a bloodstained altar of Trog.
   119 | D        | Found a hide-covered altar of Uskayaw.
   120 | D        | Found a radiant altar of Vehumet.
   121 | D        | Found an ornate altar of the Wu Jian Council.
   122 | D        | Found a shimmering altar of Xom.
   123 | D        | Found a basalt altar of Yredelemnul.
   124 | D        | Found a glowing silver altar of Zin.
   125 | D        | Found a glowing golden altar of the Shining One.
   180 | D        | Noticed a sky beast
   180 | D        | Noticed a steam dragon
   180 | D        | Noticed an orc warrior
   186 | D        | Reached **** piety under Trog
   186 | D        | Reached skill level 11 in Short Blades
   186 | D        | Reached skill level 5 in Dodging
   186 | D        | Reached XP level 5. HP: 28/28 MP: 6/6
   312 | D        | Noticed a centaur
   312 | D        | Noticed a black bear
   312 | D        | Noticed a deep elf mage
   312 | D        | Noticed a brown ugly thing
   312 | D        | Noticed a green ugly thing
   312 | D        | Noticed a wraith
   317 | D        | Killed a wraith
   317 | D        | Reached XP level 6. HP: 34/34 MP: 7/7
   322 | D        | Noticed an ice beast
   322 | D        | Killed a deep elf mage
   322 | D        | Reached ***** piety under Trog
   322 | D        | Received a gift from Trog
   322 | D        | Reached skill level 13 in Short Blades
   322 | D        | Reached skill level 10 in Dodging
   322 | D        | Reached XP level 7. HP: 40/40 MP: 8/8
   331 | D        | Killed a brown ugly thing
   336 | D        | Banished a brown ugly thing
   336 | D        | Reached skill level 10 in Stealth
   336 | D        | Reached XP level 8. HP: 32/46 MP: 9/9
   339 | D        | Reached skill level 14 in Short Blades
   506 | D        | Received a gift from Trog
   921 | D        | Noticed a komodo dragon
   961 | D        | Reached XP level 9. HP: 33/52 MP: 10/10
  1100 | D        | Noticed a rime drake
  1100 | D        | Noticed a spiny frog
  1100 | D        | Noticed a komodo dragon
  1101 | D        | Noticed a komodo dragon
  1102 | D        | Killed a komodo dragon
  1102 | D        | Received a gift from Trog
  1102 | D        | Reached skill level 15 in Short Blades
  1106 | D        | Noticed a komodo dragon
  1111 | D        | Killed a spiny frog
  1123 | D        | Banished a komodo dragon
  1138 | D        | Noticed a spiny frog
  1159 | D        | Slain by a spiny frog

Skill      XL: |  1  2  3  4  5  6  7  8  9 |
---------------+----------------------------+-----
Short Blades   | 5 10 11 13 14 15 | 15.8
Fighting       | 3 4 6 7 8 9 |  9.4
Dodging        | 5 7 10 11 13 14 | 14.4
Stealth        | 4 8 10 11 | 11.8

Action                   |  1- 3 |  4- 6 |  7- 9 || total
-------------------------+-------+-------+-------++-------
Melee: Short sword       |    25 |     1 |       ||    26
       Rapier            |       |    22 |    98 ||   120
Invok: Berserk           |     2 |     2 |       ||     4
 Stab: Sleeping          |       |       |     3 ||     3
Armor: Animal skin       |       |     1 |       ||     1
Dodge: Dodged            |    10 |    10 |    49 ||    69
